 Dungeon Crawl Stone Soup version 0.27.1-33-g824d729ab1 (webtiles) character file.

Game seed: 8629195077687501076

60 Roc the Covered (level 3, -3/33 HPs)
             Began as a Minotaur Fighter on Dec 12, 2021.
             Slain by Sigmund (5 damage)
             ... on level 2 of the Dungeon.
             The game lasted 00:13:07 (1945 turns).

Roc the Covered (Minotaur Fighter)                  Turns: 1945, Time: 00:13:07

Health: -3/33      AC:  7    Str: 18 (20) XL:     3   Next: 80%
Magic:  2/2        EV:  7    Int:  4 (5)  God:
Gold:   78         SH:  9    Dex:  8 (10) Spells: 2/2 levels left

rFire    . . .     SeeInvis .   a - +0 war axe
rCold    . . .     Faith    .   c - +0 kite shield
rNeg     . . .     Spirit   .   b - +0 scale mail
rPois    .         Reflect  .   (helmet restricted)
rElec    .         Harm     .   (no cloak)
rCorr    .         Rampage  .   (no gloves)
Will     .....                  (no boots)
Stlth    ..........             (no amulet)
HPRegen  0.11/turn              (no ring)
MPRegen  0.08/turn              (no ring)

@: no status effects
A: horns 2, retaliatory headbutt
a: no special abilities


You were on level 2 of the Dungeon.
You visited 1 branch of the dungeon, and saw 4 of its levels.

You collected 78 gold pieces.

Inventory:

Hand Weapons
 a - a +0 war axe (weapon)
Missiles
 e - 12 poisoned darts (quivered)
Armour
 b - a +0 scale mail (worn)
 c - a +0 kite shield (worn)
Scrolls
 f - a scroll of fear {unknown}
 g - 3 scrolls of identify
Potions
 d - a potion of might


   Skills:
 + Level 3.8 Fighting
 * Level 3.6 Axes
 * Level 4.7 Armour
 + Level 3.9 Shields


You had 2 spell levels left.
You didn't know any spells.
Your spell library was empty.

Dungeon Overview and Level Annotations

Branches:
Dungeon (4/15)
 Temple: D:4-7

Altars:
Vehumet

Annotations:
D:2 Sigmund
D:4 Robin


Innate Abilities, Weirdness & Mutations

You have a pair of horns on your head.
You reflexively headbutt those who attack you in melee.


Message History

There is an open door here.
Things that are here:
a +0 short sword; an orc corpse
Things that are here:
a +0 club; 2 stones; a kobold corpse
There is an open door here.
Items here: ( ))) [ †.
Things that are here:
a +0 dagger; a +0 flail; an orc corpse
There is a stone staircase leading up here.
You can't go down here!
You climb upwards.
There is a stone staircase leading down here.
You open the door.
There is an open door here.
Found an escape hatch in the ceiling.
There is an escape hatch in the ceiling here.
There is an open door here.
There is an open door here.
Sigmund the Dreaded comes into view.
He is wielding a +0 scythe.
Sigmund gestures at you while chanting.
The magic dart hits you but does no damage.
Sigmund mumbles some strange words.
Sigmund flickers and vanishes!
Deactivating autopickup; reactivate with Ctrl-A.
Unknown command.
Something hits you!
You closely miss something. Something hits you.
You barely miss something. Something hits you but does no damage.
You miss something. You headbutt something!
Something hits you but does no damage.
You hit something. Something hits you!
* * * LOW HITPOINT WARNING * * *
You closely miss something. Something hits you but does no damage.
Something hits you.
* * * LOW HITPOINT WARNING * * *
You closely miss something. Something hits you.
* * * LOW HITPOINT WARNING * * *
You barely miss something. Something hits you.
You die...

# ##...## #.# #
##'## #.# # #.#
#.# # #.# #.#
#######.##### #.#
............# #.#
.##.#.....#.# #.#
.##.##...##.# #{#
.....##.###.####@#
.................#
###.....###.######
#.###.# #.#
#.###.###.#
#.........#
#####.##### #.#
#.#


There were no monsters in sight!

Vanquished Creatures
  2 dart slugs (D:2)
  5 orcs (D:3)
  3 bats
  5 endoplasms
  3 giant cockroaches
  5 goblins
  2 hobgoblins
  4 jackals (D:1)
  2 quokkas
  4 ball pythons
  3 frilled lizards
  6 kobolds
  A rat (D:1)
45 creatures vanquished.

Vanquished Creatures (others)
  2 plants (D:1)
2 creatures vanquished.

Grand Total: 47 creatures vanquished

Notes
Turn   | Place    | Note
-------+----------+-------------------------------------------
     0 | D:1      | Roc the Minotaur Fighter began the quest for the Orb.
     0 | D:1      | Reached XP level 1. HP: 19/19 MP: 0/0
   214 | D:1      | Reached skill level 4 in Armour
   219 | D:1      | Reached XP level 2. HP: 25/26 MP: 1/1
   952 | D:2      | Reached XP level 3. HP: 32/33 MP: 2/2
  1374 | D:2      | Found a radiant altar of Vehumet.
  1527 | D:4      | Noticed Robin
  1925 | D:2      | Noticed Sigmund
  1945 | D:2      | Slain by Sigmund

Illustrated notes

Levels and vault maps discovered:
D:1:      tarquinn_simple_flora_water_a, layout_basic
D:2:      layout_loops_corners, basic_altar, uniq_sigmund
D:3:      minmay_angry_zag, layout_basic, hex_intersection
D:4:      layout_rooms, lightli_sewer_entry_pipes, uniq_robin, uniq_edmund

Skill      XL: |  1  2  3 |
---------------+----------+-----
Armour         | 4 |  4.7
Axes           | 3 |  3.6
Fighting       | |  3.8
Shields        | |  3.9

Action                   || total
-------------------------++-------
Melee: War axe           ||    97
       Headbutt          ||     9
  Use: Scroll            ||     2
       Potion            ||     1
Armor: Scale mail        ||    48
Dodge: Dodged            ||    23
Block: Kite shield       ||    47
